 Dungeon Crawl Stone Soup version 0.30-b1-2-g02819fbbbe (webtiles) character file.

Game seed: 4831609907683383085

925 Arum the Trooper (level 8, -1/65 HPs)
             Began as a Formicid Fighter on May 6, 2023.
             Was a Follower of Cheibriados.
             Slain by a slime creature (7 damage)
             ... on level 5 of the Dungeon.
             The game lasted 00:09:21 (4569 turns).

Arum the Trooper (Formicid Fighter)                 Turns: 4569, Time: 00:09:21

Health: -1/65      AC: 11    Str: 25    XL:     8   Next: 32%
Magic:  8/8        EV:  8    Int: 12    God:    Cheibriados [*.....]
Gold:   148        SH:  5    Dex: 16    Spells: 7/7 levels left

rFire   . . .        k - +2 whip (flame)
rCold   . . .        c - +0 buckler
rNeg    . . .        t - +0 chain mail
rPois   .            (helmet unavailable)
rElec   .            (no cloak)
rCorr   .            (no gloves)
SInv    +            f - +0 pair of boots
Will    .....        (no amulet) Stlth
                     (no ring)
HPRegen 0.30/turn    (no ring)
MPRegen 0.11/turn

%: no passive effects
@: very slow
A: permanent stasis, dig shafts and tunnels, antennae 3, four strong arms
a: Dig, Shaft Self, Renounce Religion, Bend Time


You were on level 5 of the Dungeon.
You worshipped Cheibriados.
Cheibriados was aware of your devotion.
You visited 1 branch of the dungeon, and saw 5 of its levels.

You collected 296 gold pieces.
You spent 148 gold pieces at shops.

Inventory:

Hand Weapons
 a - a +0 quarterstaff
 k - a +2 whip of flaming (weapon)
Armour
 c - a +0 buckler (worn)
 f - a +0 pair of boots (worn)
 t - a +0 chain mail (worn)
Wands
 b - a wand of mindburst (13)
 r - a wand of charming (6)
Scrolls
 g - 3 scrolls of enchant weapon
 l - a scroll of fog
 m - a scroll of teleportation
 o - a scroll of identify
 u - a scroll of noise
 v - a scroll of poison {unknown}
Potions
 d - 2 potions of heal wounds
 e - 2 potions of attraction
 h - 2 potions of brilliance
 j - a potion of berserk rage {unknown}
 n - a potion of magic {unknown}
 p - a potion of lignification {unknown}
 q - 5 potions of curing
 s - a potion of mutation {unknown}


   Skills:
 + Level 6.6 Fighting
 + Level 5.5 Staves
 + Level 6.5 Armour
 - Level 4.0 Shields


You had 7 spell levels left.
You didn't know any spells.
Your spell library contained the following spells:

 Spells                   Type           Power      Damage    Failure   Level
 Stone Arrow              Conj/Erth      0%         3d7       99%         3
 Animate Armour           Summ/Erth      0%         N/A       100%        4
 Lehudib's Crystal Spear  Conj/Erth      0%         10d2      100%        8


Dungeon Overview and Level Annotations

Branches:
Dungeon (5/15)
 Temple: D:4-7

Altars:
Cheibriados
Gozag
Nemelex Xobeh
Trog

Shops:
D:3 ?   D:4 !


Innate Abilities, Weirdness & Mutations

You cannot be hasted, slowed, berserked, paralysed or teleported.
You can dig through walls and to a lower floor.
You have a pair of large antennae on your head. (SInv)
Your four strong arms can wield two-handed weapons with a shield.


Message History

You hit the slime creature. You burn the slime creature.
The slime creature is severely wounded.
The slime creature hits you!
You barely miss the slime creature.
The slime creature is severely wounded.
The slime creature hits you!
You barely miss the slime creature.
The slime creature is severely wounded.
The slime creature closely misses you.
You hit the slime creature. You burn the slime creature.
The slime creature is severely wounded.
The slime creature barely misses you.
You whack the slime creature! You burn the slime creature.
The slime creature is almost dead.
The slime creature hits you!
You completely miss the slime creature.
The slime creature is almost dead.
The jelly quivers.
The slime creature hits you.
You hit the slime creature. You burn the slime creature.
The slime creature is almost dead.
The slime creature jiggles.
You block the slime creature's attack.
You completely miss the slime creature.
The slime creature is almost dead.
The slime creature hits you.
You hit the slime creature but do no damage.
The slime creature is almost dead.
The slime creature completely misses you.
You hit the slime creature. You burn the slime creature.
The slime creature is almost dead.
The slime creature hits you!
* * * LOW HITPOINT WARNING * * *
You hit the slime creature but do no damage.
The slime creature is almost dead.
The slime creature hits you but does no damage.
You hit the slime creature. You burn the slime creature.
The slime creature is almost dead.
The slime creature hits you!
You die...

##.....##
#........#
#.......#
####.###.##
#.......#
#.......#
#.......#
#.......#
#.......#
#.......#
#....####
#.......#
#....'..##
##.###)##
########.#
#.###)#####
##..JJJ@##
#.....)....
#.#######
#####.#####
#.P.......
#.#[...
#÷......J.
#.#.###
#.......÷.
#.#.# #
#÷.....÷P.
#.#.# #
#.÷...P..÷
#.#.# #
#...P...P)
#.#.# #
##########
#.#.# #


You could see a slime creature, a jelly and an endoplasm.

Vanquished Creatures
  2 slime creatures (D:5)
  A phantom (D:4)
  A kobold brigand (D:5)
  A scorpion (D:4)
  2 jellies (D:5)
  An orc priest (D:5)
  Ijyb (D:3)
  2 orc wizards
  Robin (D:2)
  7 adders
  4 gnolls (D:5)
  2 dart slugs
  11 orcs
  11 bats
  10 endoplasms
  3 giant cockroaches
  26 goblins
  7 hobgoblins
  4 jackals (D:1)
  3 quokkas
  10 ball pythons
  2 frilled lizards (D:1)
  7 kobolds
  3 rats
122 creatures vanquished.

Vanquished Creatures (others)
  3 fungi (D:5)
  8 toadstools (D:5)
11 creatures vanquished.

Grand Total: 133 creatures vanquished

Notes
Turn   | Place    | Note
-------+----------+-------------------------------------------
     0 | D:1      | Arum the Formicid Fighter began the quest for the Orb.
     0 | D:1      | Reached XP level 1. HP: 18/18 MP: 1/1
   231 | D:1      | Reached XP level 2. HP: 24/24 MP: 2/2
   364 | D:1      | Found a faded altar of an unknown god.
   372 | D:1      | Reached XP level 3. HP: 25/30 MP: 3/3
   804 | D:2      | Reached XP level 4. HP: 36/37 MP: 4/4
   946 | D:2      | Noticed Robin
   984 | D:2      | Killed Robin
  1252 | D:2      | Reached XP level 5. HP: 40/41 MP: 5/5
  1811 | D:3      | Noticed Ijyb
  1843 | D:3      | Killed Ijyb
  1993 | D:3      | Reached XP level 6. HP: 49/50 MP: 6/6
  2319 | D:3      | Found a snail-covered altar of Cheibriados.
  2343 | D:3      | Became a worshipper of Cheibriados the Contemplative
  2470 | D:3      | Found Elirghimi's Magic Scroll Shop.
  2477 | D:3      | Bought a scroll of identify for 28 gold pieces
  2477 | D:3      | Bought a scroll of identify for 28 gold pieces
  2477 | D:3      | Bought a scroll of noise for 14 gold pieces
  2477 | D:3      | Bought a scroll of identify for 28 gold pieces
  2765 | D:4      | Reached skill level 5 in Fighting
  2767 | D:4      | Found an opulent altar of Gozag.
  2947 | D:4      | Found Sytweje's Distillery.
  2964 | D:4      | Reached skill level 5 in Armour
  2968 | D:4      | Bought a potion of degeneration for 10 gold pieces
  2971 | D:4      | Bought a potion of might for 40 gold pieces
  3172 | D:4      | Reached XP level 7. HP: 56/56 MP: 7/7
  3294 | D:4      | Found a bloodstained altar of Trog.
  3294 | D:4      | Found a sparkling altar of Nemelex Xobeh.
  3566 | D:5      | Entered Level 5 of the Dungeon
  3636 | D:5      | Reached * piety under Cheibriados
  4269 | D:5      | Noticed a slime creature
  4283 | D:5      | Noticed a slime creature
  4284 | D:5      | Killed a slime creature
  4285 | D:5      | Reached skill level 5 in Staves
  4285 | D:5      | Reached XP level 8. HP: 42/64 MP: 8/8
  4291 | D:5      | Killed a slime creature
  4485 | D:5      | Noticed a slime creature
  4569 | D:5      | Slain by a slime creature

Illustrated notes

Levels and vault maps discovered:
D:1:      ncdulo_halloftheorcs, layout_loops_ring,
          nicolae_ecumenical_snake_handling
D:2:      layout_loops_cross, minmay_small_reverse_x, uniq_robin
D:3:      kennysheep_the_goblin_king, layout_loops_ring,
          mainiacjoe_overflow_catwalk, serial_shops, shop
D:4:      layout_basic, gammafunk_temple_overflow_statue, grunt_gozag_statues,
          serial_forest, infiniplex_forest_lined_3,
          infiniplex_forest_straight_5, infiniplex_forest_zigzag_1,
          infiniplex_forest_straight_5, infiniplex_forest_lined_3,
          infiniplex_forest_clump_diagonal, kennysheep_windowed_goal
D:5:      cheibrodos_fertilizer, layout_basic, tso_altar, serial_glass,
          glass_columns_a, glass_columns_a

Skill      XL: |  1  2  3  4  5  6  7 |
---------------+----------------------+-----
Fighting       | 4 5 6 |  6.6
Armour         | 4 5 6 |  6.5
Staves         | 3 4 5 |  5.5
Shields        | |  4.0

Action                     |  1- 3 |  4- 6 |  7- 9 || total
---------------------------+-------+-------+-------++-------
  Melee: Quarterstaff      |    73 |   242 |   110 ||   425
         Whip              |       |       |    20 ||    20
  Throw: Throwing net      |       |       |     1 ||     1
Ability: Dig               |     2 |     4 |     1 ||     7
    Use: Potion            |       |     1 |     1 ||     2
         Scroll            |       |     9 |       ||     9
 Armour: Scale mail        |    43 |    69 |       ||   112
         Chain mail        |       |    53 |    37 ||    90
  Dodge: Dodged            |    35 |    91 |    41 ||   167
  Block: Buckler           |    14 |    50 |    18 ||    82
